 Dungeon Crawl Stone Soup version 0.25-a0-523-g9afb2ee (webtiles) character file.

Game seed: 5221836083995133487, levelgen mode: deterministic

9734 b5mith the Warrior (level 11, 0/117 HPs)
             Began as a Minotaur Berserker on Feb 18, 2020.
             Was a High Priest of Trog.
             Slain by a swamp drake (3 damage)
             ... on level 1 of the Orcish Mines.
             The game lasted 00:37:18 (9193 turns).

b5mith the Warrior (Minotaur Berserker)             Turns: 9193, Time: 00:37:18

Health: 0/117      AC: 14    Str: 22    XL:     11   Next: 26%
Magic:  10/10      EV: 11    Int:  4    God:    Trog [*****.]
Gold:   612        SH:  0    Dex: 13    Spells: 10/10 levels left

rFire    . . .     SeeInvis .   I - +4 scimitar (flame)
rCold    . . .     Gourm    .   (no shield)
rNeg     . . .     Faith    .   K - +2 ring mail {MR+}
rPois    .         Spirit   .   (helmet restricted)
rElec    .         Reflect  .   b - +1 cloak {MR+}
rCorr    .         Harm     +   u - +0 pair of gloves
MR       ++...                  (no boots)
Stlth    +.........             N - amulet of harm
HPRegen  0.29/turn              p - +6 ring of slaying
MPRegen  0.12/turn              t - +4 ring of protection

@: berserk cooldown, slowed, very slow
A: retaliatory headbutt, horns 2
a: Berserk, Trog's Hand, Brothers in Arms, Renounce Religion


You were on level 1 of the Orcish Mines.
You worshipped Trog.
Trog was extremely pleased with you.
You were not hungry.

You visited 2 branches of the dungeon, and saw 13 of its levels.

You collected 612 gold pieces.

Inventory:

Hand Weapons
 d - a cursed +0 hunting sling
   (You found it on level 1 of the Dungeon)
 n - a +3 great sword
   (Trog gifted it to you on level 10 of the Dungeon)
 H - a +1 great mace
   (Trog gifted it to you on level 7 of the Dungeon)
 I - a +4 scimitar of flaming (weapon)
   (You took it off Erica on level 8 of the Dungeon)
Missiles
 f - 35 poisoned darts (quivered)
 q - 5 javelins
Armour
 b - a +1 cloak of magic resistance (worn)
   (You took it off Maurice on level 10 of the Dungeon)
 u - a +0 pair of gloves (worn)
   (You found it on level 3 of the Dungeon)
 K - a +2 ring mail of magic resistance (worn)
   (You took it off an orc on level 8 of the Dungeon)
Jewellery
 p - a +6 ring of slaying (left hand)
   (You found it on level 2 of the Dungeon)
 t - a +4 ring of protection (right hand)
   (You found it on level 3 of the Dungeon)
 N - an amulet of harm (around neck)
   (You found it on level 9 of the Dungeon)
Wands
 a - a wand of disintegration (13)
   (You took it off Maurice on level 10 of the Dungeon)
 g - a wand of random effects (28)
   (You found it on level 3 of the Dungeon)
 z - a wand of enslavement (5)
   (You found it on level 5 of the Dungeon)
 D - a wand of flame (16)
   (You found it on level 10 of the Dungeon)
Scrolls
 j - 3 scrolls of enchant weapon {unknown}
 k - 10 scrolls of remove curse {@r2}
 m - 6 scrolls of identify {@r1}
 o - a scroll of fog
 r - 4 scrolls of teleportation
 s - a scroll of magic mapping {unknown}
 w - 2 scrolls of noise {unknown}
 y - a scroll of enchant armour {unknown}
 E - a scroll of immolation {unknown}
Potions
 e - 2 potions of lignification {unknown}
 h - a potion of haste {unknown}
 i - 4 potions of might
 l - 2 potions of curing {@q1}
 v - 2 potions of flight {unknown}
 x - a potion of stabbing {unknown}
 A - a potion of degeneration {unknown}
 B - 2 potions of brilliance
 C - a potion of heal wounds {unknown}
 F - a potion of magic {unknown}
 M - a potion of mutation {unknown}
Comestibles
 c - 23 rations


   Skills:
 + Level 17.5 Fighting
 + Level 9.9 Long Blades
 - Level 3.9 Maces & Flails
 - Level 2.4 Armour
 - Level 2.1 Dodging


You had 10 spell levels left.
You didn't know any spells.
Your spell library was empty.

Dungeon Overview and Level Annotations

Branches:
Dungeon (13/15)            Temple (0/1) D:4             Orc (1/2) D:12
   Lair: D:8-11      Vaults: D:13-14

Altars:
Elyvilon
Kikubaaqudgha
Trog
Uskayaw
Wu Jian
Zin

Shops:
D:4 }


Innate Abilities, Weirdness & Mutations

You reflexively headbutt those who attack you in melee.
You have a pair of horns on your head.


Message History

You feel better. The orc closely misses you.
You riposte.
You slice the orc!! You burn the orc.
You kill the orc!
Trog accepts your kill. The orc warrior barely misses you.
You hit the orc warrior. You burn the orc warrior.
The orc warrior is moderately wounded.
The orc warrior hits you with a +0 trident!
* * * LOW HITPOINT WARNING * * *
You slash the orc warrior! You burn the orc warrior.
The orc warrior is almost dead.
The orc warrior barely misses you.
You riposte.
You slash the orc warrior! You burn the orc warrior.
You kill the orc warrior!
Trog accepts your kill.
An orc warrior comes into view. It is wielding a +0 battleaxe.
The orc warrior shouts!
An orc warrior comes into view. It is wielding a +0 glaive.
The orc warrior moves out of view.
There is a staircase back to the Dungeon, spattered with blood here.
You see here a +0 whip.
The orc warrior shouts!
You hear a shout! x2
You climb upwards.
Welcome back to the Dungeon!
You feel a wave of frost pass over you.
There is an entrance to an ice cave on this level.
Hurry and find it before the portal melts!
The orc hits you but does no damage. The orc warrior closely misses you.
The orc completely misses you. The swamp drake barely misses you.
You riposte.
You slash the swamp drake! You burn the swamp drake.
The swamp drake is severely wounded.
The orc warrior hits you but does no damage.
There is a staircase to the Orcish Mines here.
You hear the faint crackling of a very distant melting archway.
The orc hits you but does no damage.
The swamp drake breathes noxious fumes at you.
The noxious blast engulfs you but does no damage.
The orc warrior is engulfed in noxious fumes.
The orc warrior hits you with a +0 morningstar.
* * * LOW HITPOINT WARNING * * *
The orc is engulfed in noxious fumes.
The orc hits you but does no damage.
The hippogriff is engulfed in noxious fumes.
You climb downwards.
Welcome back to the Orcish Mines!
An orc comes into view. It is wielding a +0 club.
The orc shouts!
An orc comes into view. It is wielding a +0 club.
The orc moves out of view.
There is a staircase back to the Dungeon, spattered with blood here.
You see here a +0 whip.
As you read the scroll of fog, it crumbles to dust.
The scroll dissolves into smoke.
The swamp drake bites you.
You die...

## # ##.### ..$
#.§k§##.....
#.o@o)..$...
#..§o§$......
#...o...........
#...o.....$.....
..o##$..........
.. ##........#.
. #..........
..$........


You could see a swamp drake, 3 orc warriors and 3 orcs.

Vanquished Creatures
  An ettin (Orc:1)
  Erica (D:8)
  A two-headed ogre (D:9)
  Maurice (D:10)
  A centaur skeleton (D:10)
  3 meliai (D:13)
  A troll (D:9)
  Prince Ribbit (D:5)
  Sigmund (D:5)
  A spriggan (D:7)
  6 yaks
  A warg (Orc:1)
  An acid dragon (D:7)
  4 orc warriors
  2 ice beasts
  4 sky beasts
  2 phantoms
  2 necrophages
  5 ogres
  A centaur (D:7)
  A crocodile (D:9)
  2 big kobolds
  A gnoll sergeant (D:7)
  4 bullfrogs
  2 wyvern skeletons
  4 scorpions
  3 killer bees (D:9)
  8 wights
  6 howler monkeys
  3 crimson imps
  A bullfrog zombie (D:8)
  4 orc priests
  4 hounds
  A jelly (D:7)
  5 orc wizards
  3 bullfrog skeletons
  Crazy Yiuf (D:5)
  Terence (D:2)
  2 iguanas (D:5)
  4 worker ants
  A hound zombie (D:7)
  2 hound skeletons
  2 worker ant zombies
  17 adders
  4 gnolls (D:7)
  3 shadow imps
  An ooze (D:3)
  2 adder skeletons
  An adder zombie (D:8)
  A worm (D:2)
  5 dart slugs
  3 leopard geckos
  25 orcs
  14 giant cockroaches
  9 goblins
  8 hobgoblins
  9 jackals
  3 quokkas
  6 bats
  10 frilled lizards
  A giant cockroach zombie (D:5)
  22 kobolds
  A leopard gecko skeleton (D:8)
  A quokka skeleton (D:2)
  10 rats
261 creatures vanquished.

Notes
Turn   | Place    | Note
-------+----------+-------------------------------------------
     0 | D:1      | b5mith the Minotaur Berserker began the quest for the Orb.
     0 | D:1      | Reached XP level 1. HP: 19/19 MP: 0/0
    20 | D:1      | Reached skill level 4 in Fighting
   259 | D:1      | Reached XP level 2. HP: 28/28 MP: 1/1
   538 | D:1      | Reached skill level 5 in Fighting
   576 | D:1      | Reached ** piety under Trog
   585 | D:1      | Reached XP level 3. HP: 33/36 MP: 2/2
  1327 | D:2      | Reached skill level 6 in Fighting
  1327 | D:2      | Reached XP level 4. HP: 44/44 MP: 3/3
  1548 | D:2      | Noticed Terence
  1557 | D:2      | Killed Terence
  1891 | D:3      | Found a hide-covered altar of Uskayaw.
  2005 | D:3      | Reached *** piety under Trog
  2016 | D:3      | Reached skill level 7 in Fighting
  2016 | D:3      | Reached XP level 5. HP: 52/52 MP: 4/4
  2852 | D:4      | Reached skill level 8 in Fighting
  2853 | D:4      | Reached XP level 6. HP: 61/61 MP: 5/5
  3193 | D:4      | Reached skill level 9 in Fighting
  3229 | D:4      | Found Liac's Gadget Emporium.
  3290 | D:4      | Reached **** piety under Trog
  3408 | D:4      | Found a staircase to the Ecumenical Temple.
  3845 | D:5      | Entered Level 5 of the Dungeon
  3912 | D:5      | Found an ornate altar of the Wu Jian Council.
  3936 | D:5      | Noticed an ice beast
  3943 | D:5      | Killed an ice beast
  3943 | D:5      | Reached XP level 7. HP: 71/71 MP: 6/6
  3954 | D:5      | Reached skill level 10 in Fighting
  4055 | D:5      | Noticed Sigmund
  4065 | D:5      | Killed Sigmund
  4065 | D:5      | Reached skill level 11 in Fighting
  4270 | D:5      | Noticed Prince Ribbit
  4273 | D:5      | Killed Prince Ribbit
  4273 | D:5      | Reached XP level 8. HP: 70/83 MP: 7/7
  4289 | D:5      | Reached skill level 12 in Fighting
  4715 | D:5      | Found a runed translucent door.
  4716 | D:5      | Noticed Crazy Yiuf
  4786 | D:5      | Killed Crazy Yiuf
  4832 | D:6      | Found a glowing silver altar of Zin.
  5038 | D:6      | Found a white marble altar of Elyvilon.
  5221 | D:6      | Found an ancient bone altar of Kikubaaqudgha.
  5478 | D:7      | Reached skill level 13 in Fighting
  5519 | D:7      | Reached XP level 9. HP: 38/94 MP: 8/8
  5536 | D:7      | Reached skill level 14 in Fighting
  6429 | D:8      | Reached skill level 15 in Fighting
  6438 | D:8      | Noticed Erica
  6495 | D:7      | Reached ***** piety under Trog
  6495 | D:7      | Received a gift from Trog
  6593 | D:8      | Killed Erica
  6912 | D:8      | Reached XP level 10. HP: 107/107 MP: 9/9
  7174 | D:9      | Noticed a two-headed ogre
  7183 | D:9      | Killed a two-headed ogre
  7183 | D:9      | Reached skill level 16 in Fighting
  7183 | D:9      | Reached skill level 5 in Long Blades
  7364 | D:9      | Found a bloodstained altar of Trog.
  7773 | D:10     | Entered Level 10 of the Dungeon
  7778 | D:10     | Noticed Maurice
  7783 | D:10     | Killed Maurice
  8637 | D:10     | Reached skill level 17 in Fighting
  8839 | D:10     | Received a gift from Trog
  8906 | D:10     | Reached XP level 11. HP: 115/117 MP: 10/10
  8928 | D:10     | You fall into a shaft and drop 3 floors!
  9145 | D:12     | Found a staircase to the Orcish Mines.
  9153 | Orc:1    | Entered Level 1 of the Orcish Mines
  9159 | Orc:1    | Noticed an ettin
  9168 | Orc:1    | Killed an ettin
  9184 | Orc:1    | HP: 3/117 [orc warrior/+0 trident (10)]
  9186 | Orc:1    | HP: 1/117 [orc warrior/+0 trident (12)]
  9191 | D:12     | HP: 1/117 [orc warrior/+0 morningstar (2)]
  9193 | Orc:1    | Slain by a swamp drake

Levels and vault maps discovered:
D:1:      minmay_arrival_solitary_statue, layout_basic
D:2:      minmay_recursive_quarters, layout_basic,
          chequers_serial_rivers_micro_c, nrook_mini_backslash,
          minmay_lizard_pond, uniq_terence
D:3:      minmay_roachtagon, layout_loops_cross, lemuel_round_altar,
          first_ration, dk_noncrumbling_2
D:4:      layout_layer_cave, minmay_temple_entry_statues_fountains,
          serial_shops, kennysheep_mini
D:5:      layout_loops_corners, lemuel_crystal_altar, minmay_divided_ellipse,
          uniq_sigmund, uniq_prince_ribbit1, uniq_crazy_yiuf_cottage
D:6:      layout_gridville, lemuel_round_altar, elyvilon_altar_3,
          zin_scriptorium
D:7:      layout_rooms, the_bakery
D:8:      layout_rooms, uniq_erica
D:9:      layout_long_grid, old_standard_altar
D:10:     layout_long_grid, uniq_maurice
D:12:     layout_roguey, erik_orc_1, portal_ice_cave_entry_pillars_1,
          uniq_erolcha
D:13:     layout_gridville, david_vaults_4, gauntlet_entry_generic, minivault_16
Orc:1:    layout_caves, serial_shops, nicolae_shop_crystal

Skill      XL: |  1  2  3  4  5  6  7  8  9 10 11 |
---------------+----------------------------------+-----
Fighting       | 4 5 6 7 8 9 11 13 15 17 | 17.5
Maces & Flails | 3 |  3.9
Long Blades    | 4 8 9 |  9.9
Armour         | |  2.4
Dodging        | |  2.1

Action                   |  1- 3 |  4- 6 |  7- 9 | 10-12 || total
-------------------------+-------+-------+-------+-------++-------
Melee: Falchion          |    60 |   102 |   164 |       ||   326
       Headbutt          |    12 |    22 |    51 |    28 ||   113
       Scimitar          |       |       |    14 |   109 ||   123
       Great mace        |       |       |     6 |       ||     6
Throw: Dart              |     7 |     9 |     9 |       ||    25
Invok: Berserk           |       |       |     2 |     2 ||     4
Evoke: Wand              |       |       |       |     1 ||     1
  Use: Scroll            |       |     3 |     1 |     2 ||     6
       Potion            |       |     1 |     2 |     2 ||     5
  Eat: Chunk             |     1 |     7 |     3 |     2 ||    13
       Ration            |       |     1 |     2 |     2 ||     5
Armor: Animal skin       |     5 |    16 |       |       ||    21
       Leather armour    |       |       |    68 |       ||    68
       Ring mail         |       |       |     5 |    66 ||    71
Dodge: Dodged            |    40 |    80 |    99 |    95 ||   314
       Rpst.: Falchion   |     9 |    26 |    20 |       ||    55
       Scimitar          |       |       |     4 |    28 ||    32

Table legend:
 A = Non-vault XP
 B = Vault XP
 C = Vault XP percentage of total XP
 D = Non-vault monster count
 E = Vault monster count
 F = Vault count percentage of total count
                 A         B        C        D         E       F
            +---------+---------+-------+---------+---------+-------
      Total |   11104 |    2802 |  20.1 |     219 |      42 |  16.1
            +---------+---------+-------+---------+---------+-------
        D:1 |      49 |       0 |   0.0 |      25 |       0 |   0.0
        D:2 |      46 |      68 |  59.6 |      11 |      16 |  59.3
        D:3 |     154 |      18 |  10.5 |      30 |       9 |  23.1
        D:4 |     254 |       0 |   0.0 |       9 |       0 |   0.0
        D:5 |     389 |    1076 |  73.4 |      17 |      11 |  39.3
        D:6 |      66 |       0 |   0.0 |       3 |       0 |   0.0
        D:7 |    1555 |     215 |  12.1 |      33 |       1 |   2.9
        D:8 |     942 |     912 |  49.2 |      26 |       1 |   3.7
        D:9 |    3007 |       0 |   0.0 |      25 |       0 |   0.0
       D:10 |    1907 |     472 |  19.8 |      25 |       1 |   3.8
       D:12 |       0 |       6 | 100.0 |       0 |       2 | 100.0
       D:13 |    1101 |       0 |   0.0 |       5 |       0 |   0.0
      Orc:1 |    1634 |      35 |   2.1 |      10 |       1 |   9.1
            +---------+---------+-------+---------+---------+-------
